 Dungeon Crawl Stone Soup version 0.29.1-15-g9cfb28693d (webtiles) character file.

Game seed: 12283411016270053510

4 protoss039 the Digger (level 1, 0/14 HPs)
             Began as a Demonspawn Earth Elementalist on Mar 25, 2023.
             Slain by a jackal (3 damage)
             ... on level 1 of the Dungeon.
             The game lasted 00:00:17 (39 turns).

protoss039 the Digger (Demonspawn Earth Elementalist) Turns: 39, Time: 00:00:17

Health: 0/14       AC:  2    Str:  8    XL:     1   Next: 58%
Magic:  1/3        EV: 12    Int: 16    God:
Gold:   0          SH:  0    Dex: 13    Spells: 3/4 levels left

rFire   . . .      SeeInvis .   (no weapon)
rCold   . . .      Faith    .   (no shield)
rNeg    . . .      Spirit   .   a - +0 robe
rPois   .          Reflect  .   (no helmet)
rElec   .          Harm     .   (no cloak)
rCorr   .          Rampage  .   (no gloves)
Will    .....                   (no boots)
Stlth   ++........              (no amulet)
HPRegen 0.04/turn               (no ring)
MPRegen 0.08/turn               (no ring)

@: no status effects
A: no striking features
a: no special abilities


You were on level 1 of the Dungeon.
You visited 1 branch of the dungeon, and saw 1 of its levels.

Inventory:

Armour
 a - a +0 robe (worn)
Potions
 c - a potion of mutation {unknown}


   Skills:
 + Level 0.4 Fighting
 - Level 1.7 Dodging
 - Level 1.7 Stealth
 + Level 2.1 Spellcasting
 - Level 0.8 Transmutations
 + Level 2.8 Earth Magic


You had 3 spell levels left.
You knew the following spells:

 Your Spells              Type           Power      Damage    Failure   Level
a - Sandblast             Erth           20%        2d7       6%          1

Your spell library contained the following spells:

 Spells                   Type           Power      Damage    Failure   Level
 Passwall                 Tmut/Erth      5%         N/A       14%         2
 Stone Arrow              Conj/Erth      12%        3d7       34%         3
 Petrify                  Tmut/Erth      7%         N/A       67%         4


Dungeon Overview and Level Annotations

Branches:
Dungeon (1/15) Zot: 5956

Altars:


Message History

Aiming: Sandblast (safe; 7% risk of failure)
Press: ? - help, Shift-Dir - straight line, f - hobgoblin, p - jackal
Aim: a hobgoblin (82% to hit)
The blast of sand hits the jackal.
You kill the jackal!
The jackal closely misses you. The jackal barely misses you.
The ball python bites you but does no damage.
The ball python barely misses you.
Unknown command.
Magic courses through your body. The jackal barely misses you.
The ball python misses you. The ball python grabs you.
The ball python constricts you. The jackal barely misses you.
Casting: Sandblast (safe; 6% risk of failure)
Confirm with . or Enter, or press ? or * to list all spells.
Aiming: Sandblast (safe; 6% risk of failure)
Press: ? - help, Shift-Dir - straight line, f/p - hobgoblin
Aim: a hobgoblin (82% to hit)
The blast of sand hits the ball python!
You kill the ball python!
The jackal barely misses you. x2
Unknown command.
Casting: Sandblast (safe; 6% risk of failure)
Confirm with . or Enter, or press ? or * to list all spells.
Aiming: Sandblast (safe; 6% risk of failure)
Press: ? - help, Shift-Dir - straight line, f/p - hobgoblin
Aim: a hobgoblin (82% to hit)
The blast of sand hits the hobgoblin.
The hobgoblin is severely wounded.
The jackal completely misses you. The hobgoblin closely misses you.
The jackal closely misses you. The hobgoblin hits you.
* * * LOW HITPOINT WARNING * * *
Casting: Sandblast (safe; 6% risk of failure)
Confirm with . or Enter, or press ? or * to list all spells.
Aiming: Sandblast (safe; 6% risk of failure)
Press: ? - help, Shift-Dir - straight line, f/p - hobgoblin
Aim: a hobgoblin (heavily wounded, 82% to hit)
The blast of sand hits the hobgoblin!
You kill the hobgoblin!
The jackal bites you.
You die...

#.# ###.###
##.....###
#........#
##.++'+++.#
#..+....+
#..+.<..+
#..+....+
#h@+....+
####†++++++
#######...#.(...$#
................##
[#####..........#
........#.#...###
.#####.#.#.#..# #.
#_#...# #. #h#..#


You could see a jackal.

Vanquished Creatures
  2 hobgoblins (D:1)
  2 jackals (D:1)
  A ball python (D:1)
5 creatures vanquished.

Notes
Turn   | Place    | Note
-------+----------+-------------------------------------------
     0 | D:1      | protoss039 the Demonspawn Earth Elementalist began the
                  | quest for the Orb.
     0 | D:1      | Reached XP level 1. HP: 13/13 MP: 3/3
    18 | D:1      | Found a faded altar of an unknown god.
    39 | D:1      | Slain by a jackal

Illustrated notes

Levels and vault maps discovered:
D:1:      lightli_arrival_maybe_door_vault, layout_loops_ring,
          chequers_ecumenical_altar_simple_redux

Action                   || total
-------------------------++-------
Melee: Unarmed           ||    10
 Cast: Sandblast         ||     7
  Use: Potion            ||     1
Armor: Robe              ||     7
Dodge: Dodged            ||    24
